 Dungeon Crawl Stone Soup version 0.31-a0-187-gba352fbbf7 (webtiles) character file.

Game seed: 4075605012086563318

11552 IdlyInterested the Spear-Bearer (level 11, -5/90 HPs)
             Began as a Demonspawn Fighter on June 20, 2023.
             Was a Priest of Makhleb.
             Slain by a death yak (18 damage)
             ... on level 11 of the Dungeon on June 22, 2023.
             The game lasted 00:31:01 (12462 turns).

IdlyInterested the Spear-Bearer (DsFi)             Turns: 12462, Time: 00:31:02

Health: -5/90      AC: 16    Str: 24    XL:     11   Next: 50%
Magic:  12/13      EV: 15    Int: 10    God:    Makhleb [***...]
Gold:   230        SH:  0    Dex: 15    Spells: 10/10 levels left

rFire   + . .        a - +0 trident (flame)
rCold   . . .        (no shield)
rNeg    . . .        u - +2 scale mail {rF+}
rPois   +            (no helmet)
rElec   .            v - +1 cloak {rPois}
rCorr   .            (no gloves)
SInv    .            H - +0 pair of boots
Will    .....        f - amulet of the acrobat Stlth
                     s - +5 ring of evasion
HPRegen 2.35/turn    k - +6 ring of strength
MPRegen 0.13/turn

%: acrobat
@: lethally poisoned (-5 -> -5), on berserk cooldown, slowed, very slow
A: claws 2, molten scales 2, powered by death 1, spiny 3
a: Renounce Religion, Minor Destruction, Lesser Servant of Makhleb


You were on level 11 of the Dungeon.
You worshipped Makhleb.
Makhleb was most pleased with you.
You visited 2 branches of the dungeon, and saw 12 of its levels.

You collected 750 gold pieces.
You spent 520 gold pieces at shops.

Inventory:

Hand Weapons
 a - a +0 trident of flaming (weapon)
Missiles
 g - 101 stones (quivered)
 p - 9 atropa-tipped darts
 y - 24 poisoned darts
 z - 3 curare-tipped darts
 D - 6 boomerangs
Armour
 c - a +0 buckler
 m - a +2 ring mail of cold resistance
 u - a +2 scale mail of fire resistance (worn)
 v - a +1 cloak of poison resistance (worn)
 H - a +0 pair of boots (worn)
 J - a +2 robe of willpower
 L - a +1 buckler of cold resistance
 M - a +2 ring mail of positive energy
Jewellery
 f - an amulet of the acrobat (around neck)
 j - a ring of flight
 k - a +6 ring of strength (right claw)
 s - a +5 ring of evasion (left claw)
 B - a +6 ring of strength
 E - a +4 ring of protection
Wands
 q - a wand of flame (8)
 A - a wand of light (14)
 G - a wand of roots (1)
Scrolls
 b - 2 scrolls of teleportation
 d - 3 scrolls of summoning
 h - a scroll of amnesia
 C - a scroll of immolation
Potions
 e - 2 potions of curing
 i - a potion of attraction
 l - 3 potions of enlightenment
 n - a potion of mutation
 o - a potion of berserk rage
 r - a potion of magic
 t - a potion of resistance
 w - a potion of brilliance
 x - 2 potions of lignification
 F - 2 potions of heal wounds
Miscellaneous
 I - a tin of tremorstones (1/2)
 K - a box of beasts


   Skills:
 + Level 10.0 Fighting
 * Level 11.7 Polearms
 - Level 1.0 Throwing
 - Level 6.0 Armour
 - Level 1.0 Dodging
 - Level 1.0 Stealth
 - Level 2.6 Shields
 - Level 6.0 Unarmed Combat
 + Level 3.3 Invocations
 - Level 1.0 Evocations


You had 10 spell levels left.
You didn't know any spells.
Your spell library contained the following spells:

 Spells                   Type           Power      Damage    Failure   Level
 Sandblast                Erth           0%         2d4       65%         1
 Passwall                 Tmut/Erth      0%         N/A       78%         2
 Call Canine Familiar     Summ           0%         N/A       95%         3
 Portal Projectile        Hex/Tloc       0%         N/A       95%         3
 Stone Arrow              Conj/Erth      0%         3d7       95%         3
 Leda's Liquefaction      Hex/Erth       0%         N/A       100%        4


Dungeon Overview and Level Annotations

Branches:
Dungeon (11/15)            Temple (1/1) D:4            Lair (0/5) D:11
    Orc: D:9-12

Altars:
Ashenzari
Cheibriados
Dithmenos
Fedhas
Gozag
Hepliaklqana
Kikubaaqudgha
Makhleb
Nemelex Xobeh
Okawaru
Qazlal
Ru
Sif Muna
Trog
Uskayaw
Vehumet
Wu Jian
Xom
Yredelemnul

Shops:
D:4 *   D:9 :   D:10 *


Innate Abilities, Weirdness & Mutations

You have very sharp fingernails.
You are mostly covered in molten scales. (AC +3)
You regenerate a little health from kills.
You are completely covered in sharp spines.


Message History

The killer bee stings you!
Unknown command.
You puncture the death yak! You burn the death yak.
The death yak is severely wounded.
You feel sick.
The death yak gores you but does no damage.
The killer bee barely misses you. The death yak barely misses you.
The death yak is struck by your spines.
The death yak gores you but does no damage.
You completely miss the death yak.
The death yak is severely wounded.
You are no longer berserk.
You are exhausted.
You feel yourself slow down. The killer bee stings you.
Unknown command.
The tremorstone explodes into fragments!
The burst of rock shards engulfs the kobold demonologist.
The burst of rock shards engulfs the kobold!!
You kill the kobold!
Makhleb accepts your kill.
The burst of rock shards engulfs the chaos spawn!
The burst of rock shards engulfs the kobold!!
You kill the kobold!
Makhleb accepts your kill.
You feel better.
The burst of rock shards engulfs the death yak!
The burst of rock shards engulfs the death yak but does no damage.
The burst of rock shards engulfs the kobold!!
You kill the kobold!
Makhleb accepts your kill.
The burst of rock shards engulfs the death yak!
You feel sick. The killer bee barely misses you.
The killer bee is struck by your spines.
You kill the killer bee!
Makhleb accepts your kill. The death yak is struck by your spines.
The death yak closely misses you. The death yak gores you!!
* * * LOW HITPOINT WARNING * * *
The death yak is struck by your spines. The death yak gores you!!
You die...

#....... #.K....
. #...|.#.>
#.#......
########)..)..
#.......K4).
#......YYY###...
#......Y@†......
#......<........
##..............
#..............
#...####.......
#... ....... #..
####### #. ##


You could see 4 death yaks, a kobold demonologist, a chaos spawn (summoned) and
a kobold.

Vanquished Creatures
  A two-headed ogre (D:9)
  2 death yaks (D:11)
  Pikel (D:8)
  2 unseen horror zombies (D:8)
  A komodo dragon (D:10)
  Grinder (D:6)
  3 meliai (D:9)
  2 hornets
  A wyvern (D:8)
  A vampire (D:11)
  2 steam dragons
  18 yaks
  An acid dragon (D:10)
  A water moccasin (D:8)
  3 orc warriors
  A hornet zombie (D:8)
  2 black bears
  3 ice beasts
  2 ogres (D:5)
  3 centaurs
  3 sky beasts
  A phantom (D:4)
  4 kobold brigands
  5 bullfrogs
  The ghost of liarliar the Sneak, an amateur SpEn (D:3)
  A wyvern zombie (D:8)
  2 scorpions (D:5)
  2 gnoll sergeants
  A wight (D:8)
  5 killer bees
  A howler monkey (D:6)
  2 electric eels (D:10)
  3 centaur zombies (D:8)
  3 hounds
  Crazy Yiuf (D:6)
  A sleepcap (D:5)
  3 jellies
  5 orc priests
  Natasha (thrice) (D:2)
  4 iguanas
  5 orc wizards
  Ijyb (D:4)
  A howler monkey zombie (D:8)
  6 adders
  12 gnolls
  3 shadow imps
  2 white imps (D:6)
  4 worms
  A dart slug (D:4)
  23 orcs
  3 ball pythons
  6 endoplasms
  A giant cockroach (D:2)
  8 hobgoblins
  4 jackals
  9 quokkas
  4 bats
  5 frilled lizards
  8 goblins
  36 kobolds
  4 rats
248 creatures vanquished.

Vanquished Creatures (others)
  A wizard (D:9)
1 creature vanquished.

Grand Total: 249 creatures vanquished

Notes
Turn   | Place    | Note
-------+----------+-------------------------------------------
     0 | D:1      | IdlyInterested the Demonspawn Fighter began the quest for
                  | the Orb.
     0 | D:1      | Reached XP level 1. HP: 18/18 MP: 1/1
   120 | D:1      | Reached skill level 2 in Polearms
   121 | D:1      | Gained mutation: You are partially covered in molten
                  | scales. (AC +2) [demonic ancestry]
   121 | D:1      | Reached XP level 2. HP: 23/24 MP: 2/2
   843 | D:1      | Upgraded the game from 0.31-a0-182-gc5ef74bbde to
                  | 0.31-a0-187-gba352fbbf7
  1028 | D:2      | Reached XP level 3. HP: 19/29 MP: 3/3
  1366 | D:2      | Noticed Natasha
  1378 | D:2      | Killed Natasha
  1379 | D:2      | Reached skill level 3 in Polearms
  1450 | D:2      | Noticed Natasha
  1685 | D:2      | Gained mutation: You are partially covered in sharp spines.
                  | [demonic ancestry]
  1685 | D:2      | Reached XP level 4. HP: 19/36 MP: 4/4
  1693 | D:2      | Reached skill level 1 in Dodging
  2031 | D:2      | Killed Natasha
  2032 | D:2      | Reached skill level 1 in Stealth
  2038 | D:2      | Noticed Natasha
  2044 | D:2      | Killed Natasha
  2045 | D:2      | Gained mutation: You regenerate a little health from kills.
                  | [demonic ancestry]
  2045 | D:2      | Reached XP level 5. HP: 33/43 MP: 5/5
  2288 | D:3      | Identified the +0 leather armour of the Lily {Str+3}
  2434 | D:3      | Reached skill level 1 in Throwing
  2451 | D:3      | Found a shadowy altar of Dithmenos.
  2861 | D:3      | Found a runed translucent door.
  2861 | D:3      | Noticed liarliar's ghost (amateur SpEn)
  2878 | D:3      | Killed liarliar's ghost
  2879 | D:3      | Reached skill level 1 in Evocations
  2890 | D:3      | Found a hide-covered altar of Uskayaw.
  3090 | D:4      | Gained mutation: You are mostly covered in sharp spines.
                  | [demonic ancestry]
  3090 | D:4      | Reached XP level 6. HP: 46/49 MP: 6/6
  3267 | D:4      | Found an ornate altar of the Wu Jian Council.
  3548 | D:4      | Reached skill level 4 in Polearms
  3641 | D:4      | Reached skill level 5 in Fighting
  3883 | D:4      | Found a staircase to the Ecumenical Temple.
  3883 | D:4      | Found Bewnett's Gadget Gallery.
  3883 | D:4      | Noticed Ijyb
  3904 | D:4      | Killed Ijyb
  4154 | Temple   | Entered the Ecumenical Temple
  4447 | D:5      | Entered Level 5 of the Dungeon
  4502 | D:5      | Gained mutation: You have sharp fingernails. [demonic
                  | ancestry]
  4502 | D:5      | Reached XP level 7. HP: 49/56 MP: 7/7
  4577 | D:5      | Found a blossoming altar of Fedhas.
  4592 | D:5      | Reached skill level 5 in Polearms
  4875 | D:5      | Reached skill level 1 in Unarmed Combat
  5150 | D:5      | Found a shimmering altar of Xom.
  5302 | D:5      | Gained mutation: You are completely covered in sharp
                  | spines. [demonic ancestry]
  5302 | D:5      | Reached XP level 8. HP: 45/64 MP: 8/8
  5600 | Temple   | Became a worshipper of Makhleb the Destroyer
  5804 | D:6      | Reached skill level 6 in Polearms
  5988 | D:6      | Noticed Grinder
  5992 | D:6      | Paralysed by Grinder for 2 turns
  6000 | D:6      | Paralysed by Grinder for 5 turns
  6007 | D:6      | Killed Grinder
  6316 | D:6      | Found a runed translucent door.
  6317 | D:6      | Noticed Crazy Yiuf
  6531 | D:6      | Reached skill level 7 in Polearms
  6663 | D:6      | Killed Crazy Yiuf
  7367 | D:7      | Gained mutation: You have very sharp fingernails. [demonic
                  | ancestry]
  7367 | D:7      | Reached XP level 9. HP: 71/71 MP: 9/9
  7526 | D:7      | Found a sparkling altar of Nemelex Xobeh.
  7642 | D:7      | Reached * piety under Makhleb
  7654 | D:7      | Reached skill level 8 in Polearms
  8130 | D:7      | Found a radiant altar of Vehumet.
  8334 | D:8      | You fall into a shaft and drop 1 floor!
  8373 | D:9      | Noticed a meliai
  8374 | D:9      | Noticed a meliai
  8374 | D:9      | Noticed a meliai
  8377 | D:9      | Killed a meliai
  8378 | D:9      | Reached skill level 5 in Armour
  8380 | D:9      | Killed a meliai
  8381 | D:9      | Killed a meliai
  8854 | D:8      | Reached skill level 9 in Polearms
  8863 | D:8      | Reached XP level 10. HP: 75/80 MP: 10/10
  8877 | D:8      | Found a basalt altar of Yredelemnul.
  9240 | D:8      | Reached ** piety under Makhleb
  9537 | D:8      | Noticed Pikel
  9545 | D:8      | Killed Pikel
  9665 | D:4      | Bought a box of beasts for 520 gold pieces
 10069 | D:9      | Reached skill level 10 in Polearms
 10198 | D:9      | Noticed a walking earthen tome
 10200 | D:9      | Found Ymaudaut's Book Shop.
 10202 | D:9      | Noticed a walking frostbound tome
 10217 | D:9      | Reached skill level 5 in Unarmed Combat
 10289 | D:9      | Found a bloodstained altar of Trog.
 10291 | D:9      | Noticed a wizard
 10297 | D:9      | Killed a wizard
 10726 | D:9      | Noticed a two-headed ogre
 10735 | D:9      | Killed a two-headed ogre
 10807 | D:10     | Entered Level 10 of the Dungeon
 11047 | D:10     | Reached *** piety under Makhleb
 11202 | D:10     | Found Lucved's General Store.
 11316 | D:10     | Gained mutation: You are mostly covered in molten scales.
                  | (AC +3) [demonic ancestry]
 11316 | D:10     | Reached XP level 11. HP: 89/89 MP: 11/11
 11449 | D:10     | Reached skill level 11 in Polearms
 11644 | D:10     | Reached skill level 1 in Invocations
 11902 | D:10     | Found a hazy altar of Hepliaklqana.
 12437 | D:11     | Noticed a death yak
 12437 | D:11     | Noticed a death yak
 12437 | D:11     | Noticed a death yak
 12437 | D:11     | Noticed a death yak
 12438 | D:11     | Found a staircase to the Lair.
 12438 | D:11     | Noticed a death yak
 12439 | D:11     | Noticed a death yak
 12452 | D:11     | Killed a death yak
 12456 | D:11     | Killed a death yak
 12457 | D:11     | Reached skill level 10 in Fighting
 12462 | D:11     | Slain by a death yak

Illustrated notes

Levels and vault maps discovered:
D:1:      nzn_arrival_depleted_hourglass, layout_basic, minmay_gold_behind_fungi
D:2:      layout_loops_ring, uniq_natasha
D:3:      layout_loops_ring, grunt_dithmenos_smoke,
          mainiacjoe_overflow_alcove_2, gammafunk_ghost_grave
D:4:      layout_layer_cave, general_overflow_altar,
          minmay_temple_entry_proselytizer, nicolae_shop_gadgets, uniq_ijyb
D:5:      wad_pebble_path, layout_rooms, elyvilon_altar_3, kennysheep_mini_moat,
          tgw_xom, grunt_ministairs_3, solitary_fountain
D:6:      layout_gridville, reono_crystal_passage, uniq_crazy_yiuf_cottage,
          uniq_grinder
D:7:      layout_loops_cross, nemelex_spade_bored_becter, marbit_many_paths,
          serial_co_window_serial, co_window_of_opportunity_a,
          co_window_corner_a, co_window_cross_1, co_window_of_opportunity_a,
          co_window_cross_1, co_window_corner_a, co_window_paths_a,
          co_window_2corner, co_window_broadway_c, co_window_of_opportunity_c,
          co_window_corner_ca, co_window_4corner_a, glass_columns_b,
          glass_columns_b, grunt_tough_drop
D:8:      layout_loops_ring, nicolae_yredelemnul_corpse_copse, kennysheep_donut,
          kennysheep_generic_room_6, uniq_pikel
D:9:      layout_grid_maze, trog_wizard, serial_shops, nicolae_shop_mannequins,
          minivault_25, nicolae_concentric_dashed_squares_wild, hex_medium
D:10:     argonaut_augean_stables, layout_cave_pods,
          nicolae_overflow_crystal_walls, serial_shops,
          nicolae_shop_advertising_works [nicolae_subvault_shop_adworks],
          serial_glass, glass_columns_b, glass_columns_b,
          minmay_misc_feat_secret_circle
D:11:     layout_irregular_city, dpeg_lair_monsters, orc_0_dummy, serial_shops,
          shop, minivault_25_ag, uniq_josephine, uniq_urug
Temple:   minmay_temple_curvy_loop

Skill      XL: |  1  2  3  4  5  6  7  8  9 10 11 |
---------------+----------------------------------+-----
Polearms       | 2 3 4 5 7 9 10 11 | 11.7
Armour         | 3 4 5 6 |  6.0
Fighting       | 4 5 6 8 9 10 | 10.0
Dodging        | 1 |  1.0
Stealth        | 1 |  1.0
Throwing       | 1 |  1.0
Evocations     | 1 |  1.0
Unarmed Combat | 1 4 5 6 |  6.0
Invocations    | 3 |  3.3
Shields        | |  2.6

Action                     |  1- 3 |  4- 6 |  7- 9 | 10-12 || total
---------------------------+-------+-------+-------+-------++-------
  Melee: Trident           |   112 |   138 |   203 |   253 ||   706
         Punch             |       |       |    10 |    10 ||    20
  Throw: Stone             |       |     2 |     3 |    10 ||    15
         Dart              |       |       |       |     1 ||     1
  Evoke: Tin of tremorston |       |       |       |     1 ||     1
    Use: Potion            |     1 |       |     5 |     4 ||    10
         Scroll            |       |       |    16 |     4 ||    20
   Stab: Sleeping          |       |     1 |       |       ||     1
 Armour: Scale mail        |    31 |       |    32 |    73 ||   136
         Ring mail         |    17 |    36 |    47 |       ||   100
  Dodge: Dodged            |    47 |    54 |   124 |   183 ||   408
  Block: Buckler           |    32 |    25 |     1 |       ||    58

Table legend: (Time is in decaauts)
 A = Elapsed time spent in this place.
 B = Non-inter-level travel time spent in this place.
 C = Inter-level travel time spent in this place.
 D = Time resting spent in this place.
 E = Time spent auto-exploring this place.
 F = Levels seen in this place.
 G = Mean time per level.
                   A        B        C        D        E       F      G
               +--------+--------+--------+--------+--------+-----+--------+
         Total |  12431 |  10578 |   1853 |   1769 |   6407 |  12 | 1035.9 |
       Dungeon |  12125 |  10392 |   1733 |   1769 |   6227 |  11 | 1102.3 |
        Temple |    306 |    187 |    119 |      0 |    180 |   1 |  306.0 |
               +--------+--------+--------+--------+--------+-----+--------+

Top non-repeatable levels by time:
     D:7: 1722 daAuts
     D:4: 1481 daAuts
    D:10: 1464 daAuts
     D:2: 1228 daAuts
     D:9: 1222 daAuts
     D:6: 1191 daAuts
     D:1: 1044 daAuts
     D:5: 979 daAuts
     D:8: 893 daAuts
     D:3: 875 daAuts
  Temple: 306 daAuts
    D:11: 23 daAuts
